 Dungeon Crawl Stone Soup version 0.18-a0-1323-g706dcef (webtiles) character file.

42 Azragoth the Chopper (level 3, -1/34 HPs)
             Began as a Hill Orc Chaos Knight on Feb 15, 2016.
             Killed from afar by a white imp (5 damage)
             ... with a puff of frost
             ... summoned by Xom
             ... on level 2 of the Dungeon.
             The game lasted 00:06:50 (1177 turns).

Azragoth the Chopper (Hill Orc Chaos Knight)        Turns: 1177, Time: 00:06:50

Health: -1/34      AC:  5    Str: 15      XL:     3   Next: 56%
Magic:  3/3        EV: 11    Int: 12      God:    Xom [......]
Gold:   39         SH:  0    Dex:  9 (10) Spells: 0 memorised, 2 levels left

rFire  . . .     SeeInvis .     a - +0 hand axe (chaos)
rCold  . . .     Gourm    .     b - +2 leather armour
rNeg   . . .     Faith    .     (no shield)
rPois  .         Spirit   .     (no helmet)
rElec  .         Dismiss  .     (no cloak)
rCorr  .         Reflect  .     (no gloves)
SustAt .         Harm     .     (no boots)
MR     .....                    (no amulet)
Stlth  +.........               (no ring)
                                (no ring)

@: about to teleport, not resistant to hostile enchantments, very unstealthy
A: deterioration 1
a: Renounce Religion


You were on level 2 of the Dungeon.
You worshipped Xom.
You were a very special plaything of Xom.
You were not hungry.

You visited 1 branch of the dungeon, and saw 2 of its levels.

You collected 39 gold pieces.

Inventory:

Hand Weapons
 a - a +0 hand axe of chaos (weapon)
 d - a +0 club
 i - a +0 hunting sling
Missiles
 e - 15 arrows
 j - 17 stones (quivered)
Armour
 b - a +2 leather armour (worn)
Scrolls
 f - 2 scrolls of identify {unknown}
Comestibles
 c - a bread ration
 k - 2 chunks of flesh


   Skills:
 + Level 4.4 Fighting
 + Level 4.5 Axes
 + Level 2.5 Armour
 + Level 1.2 Dodging


You had 2 spell levels left.
You didn't know any spells.

Dungeon Overview and Level Annotations

Branches:
Dungeon (2/15)

Altars:


Innate Abilities, Weirdness & Mutations

Your body sometimes deteriorates upon taking damage.


Message History

You hit the white imp but do no damage. The white imp misses you.
You closely miss the white imp. The white imp hits you.
The white imp freezes you.
You closely miss the white imp. The white imp gestures at you.
The puff of frost hits you!
* * * LOW HITPOINT WARNING * * *
You hit the white imp but do no damage.
The white imp hits you but does no damage.
As you read the scroll labeled ZOADWEMN EMPOUPEW, it crumbles to dust.
It is a scroll of recharging.
You aren't carrying any rechargeable items.
Xom is amused.
The white imp barely misses you.
As you read the scroll labeled JUP FOEPHAUBRA, it crumbles to dust.
You feel strangely unstable.
It was a scroll of teleportation.
The white imp gestures at you. The puff of frost hits you!
You die... "This toy is broken."

....##
P.....#####
P♣PP......#
♣.........+
P.P......#
♣♣♣......#
PP...$...#
PP..#.(<5#
... #.((@#
.. #....# .
+.♣.♣+
#....
♣.♣.♣.
....###
.♣.♣.♣
#####.#


You could see a white imp.

Vanquished Creatures
  An ooze (D:1)
  A giant gecko (D:1)
  A ball python (D:1)
  8 bats (D:1)
  5 giant cockroaches (D:1)
  3 goblins
  3 hobgoblins (D:1)
  2 jackals (D:1)
  3 kobolds (D:1)
  4 rats (D:1)
31 creatures vanquished.

Vanquished Creatures (others)
  A hobgoblin (D:2)
1 creature vanquished.

Grand Total: 32 creatures vanquished

Notes
Turn   | Place    | Note
--------------------------------------------------------------
     0 | D:1      | Azragoth the Hill Orc Chaos Knight began the quest for the Orb.
     0 | D:1      | Reached XP level 1. HP: 19/19 MP: 1/1
    17 | D:1      | XOM: silly message
    56 | D:1      | Reached XP level 2. HP: 27/27 MP: 2/2
    81 | D:1      | XOM: divination: detect creatures
   235 | D:1      | Reached skill level 1 in Dodging
   278 | D:1      | Reached XP level 3. HP: 28/33 MP: 3/3
   419 | D:1      | XOM: scenery: 1 doors close
   479 | D:1      | XOM: divination: detect creatures
   749 | D:1      | XOM: mild Fire miscast
   829 | D:1      | XOM: give mutation
   829 | D:1      | Gained mutation: Your body sometimes deteriorates upon taking damage. [Xom's mischief]
  1166 | D:2      | XOM: summons 1 hostile demon
  1177 | D:2      | Killed from afar by a white imp

Vault maps used:
D:1:      matt_arrival_diagonals, minmay_surrounded
D:2:      first_bread, serial_forest, infiniplex_forest_lined_3_way,
          infiniplex_forest_lined_corner, infiniplex_forest_lined_room_3,
          infiniplex_forest_straight_3, infiniplex_forest_clump_medium,
          infiniplex_forest_clump_cross, infiniplex_forest_end_double,
          minmay_crystal_water, hangedman_abyss_or_decor_stabs,
          kennysheep_generic_room_6

Action                   || total
-------------------------++-------
Melee: Hand axe          ||    81
  Use: Scroll            ||     2
  Eat: Chunk             ||     1
